 Dungeon Crawl Stone Soup version 0.28-a0-8-g6e044cfa68 (webtiles) character file.

Game seed: 1264441121462054405

1357 avis the Insei (level 8, -10/54 HPs)
             Began as an Octopode Transmuter on July 24, 2021.
             Mangled by a hornet (16 damage)
             ... while paralysed by a hornet
             ... on level 5 of the Dungeon.
             The game lasted 00:33:51 (6972 turns).

avis the Insei (Octopode Transmuter)                Turns: 6972, Time: 00:33:51

Health: -10/54     AC:  2    Str: 11    XL:     8   Next: 64%
Magic:  9/11       EV:  5    Int: 16    God:
Gold:   216        SH:  0    Dex: 17    Spells: 3/11 levels left

rFire   . . .      SeeInvis .     - Unarmed
rCold   . . .      Faith    .   (shield currently unavailable)
rNeg    . . .      Spirit   .   (helmet currently unavailable)
rPois   x          Reflect  .   (no amulet)
rElec   .          Harm     .   x - ring of flight
rCorr   .          Rampage  .   (no ring)
Will    .....                   (no ring)
Stlth   ++........              (no ring)
HPRegen 0.18/turn               (no ring)
MPRegen 0.12/turn               (no ring)
                                (no ring)
                                (no ring)

@: paralysed, spider-form, flying, slowed
A: venomous fangs, almost no armour, (amphibious), 8 rings, tiny, (camouflage
1), (gelatinous body 1), (nimble swimmer 1), (tentacles)
a: End Transformation


You were on level 5 of the Dungeon.
You were a venomous arachnid creature.
You visited 1 branch of the dungeon, and saw 5 of its levels.

You collected 216 gold pieces.

Inventory:

Hand Weapons
 c - a +0 mace of draining (melded)
 m - a +0 dagger of protection
Missiles
 a - 156 stones
 b - 31 arrows
 n - 27 sling bullets
 t - 2 throwing nets
Magical Staves
 d - a staff of air
Jewellery
 h - an amulet of faith
 p - a ring of fire
 v - an amulet of guardian spirit
 x - a ring of flight (left front leg)
Wands
 y - a wand of digging (6)
Scrolls
 e - a scroll of teleportation {unknown}
 f - a scroll of immolation {unknown}
 g - 2 scrolls of fear {unknown}
 l - 4 scrolls of identify {unknown}
 o - 2 scrolls of amnesia {unknown}
 q - a scroll of noise {unknown}
Potions
 i - 3 potions of lignification {unknown}
 j - a potion of flight {unknown}
 k - a potion of magic {unknown}
 r - a potion of attraction {unknown}
 s - a potion of haste {unknown}
 u - a potion of heal wounds {unknown}
 w - a potion of berserk rage {unknown}
 z - a potion of might {unknown}


   Skills:
 - Level 4.0 Fighting
 - Level 3.0 Dodging
 - Level 3.0 Stealth
 - Level 7.0 Unarmed Combat
 - Level 2.0 Spellcasting
 - Level 5.0 Transmutations
 * Level 3.4 Ice Magic
 - Level 2.0 Poison Magic


You had 3 spell levels left.
You knew the following spells:

 Your Spells              Type           Power      Damage    Failure   Level
a - Beastly Appendage     Tmut           34%        N/A       10%         1
p - Spider Form           Tmut/Pois      6%         N/A       32%         3
q - Ice Form              Ice/Tmut       15%        N/A       58%         4

Your spell library contained the following spells:

 Spells                   Type           Power      Damage    Failure   Level
 Wereblood                Tmut           17%        N/A       13%         2
 Ignite Poison            Fire/Tmut/Pois 9%         N/A       45%         3
 Mephitic Cloud           Conj/Pois/Air  3%         N/A       65%         3
 Bolt of Magma            Conj/Fire/Erth 0%         4d4       100%        5


Dungeon Overview and Level Annotations

Branches:
Dungeon (5/15)             Temple (0/1) D:5

Altars:
Dithmenos
Yredelemnul

Annotations:
D:4 1 runed translucent door, exclusion: door, Crazy Yiuf


Innate Abilities, Weirdness & Mutations

You are a venomous arachnid creature.
You have poisonous fangs.
You are tiny and dextrous.
Your spellcasting is less reliable in this form.
Your armour is entirely melded.
You are incapable of wielding weapons or throwing items.
You cannot wear most types of armour.
((You are amphibious.))
You can wear up to eight rings at the same time.
((Your skin changes colour to match your surroundings (Stealth+).))
((Your rubbery body absorbs attacks. (AC +1, EV +1)))
((You are camouflaged near water. (Stealth+)))
((You have tentacles for arms and can constrict up to eight enemies at once.))


Message History

The ice beast is moderately wounded.
The ice beast barely misses you.
You hit the ice beast.
The ice beast is heavily wounded.
The hornet buzzes angrily.
You hit the ice beast but do no damage.
The ice beast is heavily wounded.
The ice beast closely misses you.
You bite the ice beast!
The ice beast is severely wounded.
The ice beast barely misses you.
You hit the ice beast but do no damage.
The ice beast is severely wounded.
The ice beast hits you. The ice beast freezes you!
You hit the ice beast.
The ice beast is poisoned.
The ice beast is severely wounded.
The ice beast completely misses you.
The jackal pauses to sniff the ground.
You hit the ice beast.
The ice beast is severely wounded.
The ice beast hits you. The ice beast freezes you!
You hit the ice beast.
The ice beast looks as sick as possible!
The ice beast is almost dead.
You kill the ice beast!
Your Ice Magic skill increases to level 3!
You bite the jackal!
You kill the jackal!
The hornet closely misses you.
You bite the hornet!
The hornet is poisoned.
The hornet is moderately wounded.
The hornet stings you!
You suddenly lose the ability to move!
The hornet stings you!
* * * LOW HITPOINT WARNING * * *
You feel yourself slow down. The hornet stings you.
* * * LOW HITPOINT WARNING * * *
You feel as though you will be slow longer.
The hornet stings you!
You die...

.....'.....#.......#
###. ##
.....#########..########
#. # .....#
#...............# #. #
..######.####.....####.#
###'## .........#
##...##./#.# #....#
#######..# ##.##...#.#
#....# #..# #.#O..##.#
#..... #...# +#.#y.##..#
#.....
#....###..s###...##
#.....
#........8........#
#....#
##...###...###.)..#
#..... #..## +#.#+
##...####..... .## #.#
##........... ##.##
#.#####.##.. ##...## #.#
#.##.. .####.....####.#
#.##.. ...............#
#.####


You could see a hornet (very poisoned) and an ogre.

Vanquished Creatures
  Prince Ribbit (D:5)
  Sigmund (D:2)
  An ice beast (D:5)
  A sky beast (D:4)
  A necrophage (D:5)
  2 ogres (D:5)
  A bullfrog (D:4)
  A scorpion (D:5)
  2 water moccasin skeletons
  A gnoll shaman (D:3)
  3 iguanas
  An orc wizard (D:5)
  2 hound skeletons
  Robin (D:2)
  5 gnolls
  3 adders
  A white imp (D:5)
  2 worms (D:3)
  5 dart slugs
  7 orcs
  10 ball pythons
  7 endoplasms
  2 giant cockroaches
  9 goblins
  10 hobgoblins
  6 jackals
  11 kobolds
  3 quokkas
  5 bats
  2 frilled lizards
  A jackal skeleton (D:2)
  7 rats
115 creatures vanquished.

Notes
Turn   | Place    | Note
-------+----------+-------------------------------------------
     0 | D:1      | avis the Octopode Transmuter began the quest for the Orb.
     0 | D:1      | Reached XP level 1. HP: 13/13 MP: 3/3
   132 | D:1      | Reached skill level 1 in Stealth
   412 | D:1      | Reached XP level 2. HP: 19/19 MP: 3/5
   485 | D:1      | Found a faded altar of an unknown god.
   766 | D:1      | Reached skill level 1 in Poison Magic
  1110 | D:1      | Reached XP level 3. HP: 24/24 MP: 6/6
  1116 | D:1      | Learned a level 3 spell: Spider Form
  1956 | D:2      | Noticed Sigmund
  2031 | D:2      | Found a shadowy altar of Dithmenos.
  2534 | D:2      | Reached XP level 4. HP: 29/29 MP: 4/7
  2653 | D:2      | Noticed Robin
  2673 | D:2      | Killed Robin
  3118 | D:2      | Killed Sigmund
  3119 | D:2      | Reached skill level 5 in Unarmed Combat
  3119 | D:2      | Reached XP level 5. HP: 7/35 MP: 5/8
  3119 | D:2      | Reached XP level 6. HP: 8/41 MP: 5/9
  3834 | D:3      | Found a basalt altar of Yredelemnul.
  4402 | D:3      | Learned a level 4 spell: Ice Form
  4445 | D:4      | Noticed a sky beast
  4742 | D:4      | Killed a sky beast
  5046 | D:4      | Reached XP level 7. HP: 44/46 MP: 6/10
  5756 | D:4      | Reached skill level 6 in Unarmed Combat
  6054 | D:4      | Found a runed translucent door.
  6055 | D:4      | Noticed Crazy Yiuf
  6296 | D:5      | Entered Level 5 of the Dungeon
  6355 | D:5      | Found a staircase to the Ecumenical Temple.
  6358 | D:5      | Noticed Prince Ribbit
  6435 | D:5      | Killed Prince Ribbit
  6436 | D:5      | Reached XP level 8. HP: 36/54 MP: 11/11
  6564 | D:5      | Reached skill level 7 in Unarmed Combat
  6795 | D:5      | Reached skill level 5 in Transmutations
  6795 | D:5      | Reached skill level 1 in Ice Magic
  6959 | D:5      | Noticed a hornet
  6970 | D:5      | Paralysed by a hornet for 2 turns
  6972 | D:5      | Mangled by a hornet

Illustrated notes

Levels and vault maps discovered:
D:1:      lightli_arrival_maybe_door_vault, layout_basic, basic_ecumenical_altar
D:2:      minmay_razor_zed, layout_rooms, basic_altar, uniq_sigmund, uniq_robin
D:3:      layout_basic, mainiacjoe_overflow_tiny_flanked, serial_rivers,
          chequers_serial_rivers_small_a, chequers_serial_rivers_micro_b,
          chequers_serial_rivers_micro_c, chequers_serial_rivers_marsh,
          chequers_serial_rivers_small_b
D:4:      layout_rooms, wad_floor_pattern_untrapped, uniq_crazy_yiuf_cottage
D:5:      cheibrodos_barr_body, layout_basic, temple_fountains,
          uniq_prince_ribbit1

Skill      XL: |  1  2  3  4  5  6  7  8 |
---------------+-------------------------+-----
Stealth        | 1 2 3 |  3.0
Fighting       | 2 3 4 |  4.0
Poison Magic   | 2 |  2.0
Transmutations | 3 4 5 |  5.0
Unarmed Combat | 5 6 7 |  7.0
Dodging        | 3 |  3.0
Ice Magic      | 3 |  3.4
Spellcasting   | |  2.0

Action                   |  1- 3 |  4- 6 |  7- 9 || total
-------------------------+-------+-------+-------++-------
Melee: Unarmed           |    40 |    69 |    99 ||   208
       Constrict         |    10 |     8 |     1 ||    19
       Kick              |     5 |     6 |       ||    11
       Mace              |    28 |    32 |     5 ||    65
       Tentacles         |     4 |     5 |       ||     9
       Punch             |     1 |       |       ||     1
 Cast: Beastly Appendage |    14 |    16 |     1 ||    31
       Spider Form       |    10 |    16 |    21 ||    47
  Use: Potion            |       |     3 |       ||     3
 Stab: Sleeping          |     5 |     9 |       ||    14
Armor: Skin              |     3 |     4 |     4 ||    11
Dodge: Dodged            |    37 |    73 |    67 ||   177

Table legend: (Time is in decaauts)
 A = Elapsed time spent in this place.
 B = Non-inter-level travel time spent in this place.
 C = Inter-level travel time spent in this place.
 D = Time resting spent in this place.
 E = Time spent auto-exploring this place.
 F = Levels seen in this place.
 G = Mean time per level.
                   A        B        C        D        E       F      G
               +--------+--------+--------+--------+--------+-----+--------+
         Total |   6996 |   6577 |    419 |   2638 |   2357 |   5 | 1399.2 |
       Dungeon |   6996 |   6577 |    419 |   2638 |   2357 |   5 | 1399.2 |
               +--------+--------+--------+--------+--------+-----+--------+

Top non-repeatable levels by time:
     D:1: 1883 daAuts
     D:2: 1735 daAuts
     D:3: 1533 daAuts
     D:4: 1238 daAuts
     D:5: 604 daAuts
